 Dungeon Crawl Stone Soup version 0.20.0-15-g7f486f2 (webtiles) character file.

1184 vishdafish the Shield-Bearer (level 8, -7/63 HPs)
             Began as a Formicid Fighter on June 26, 2017.
             Mangled by an orc warrior
             ... wielding a +0 mace
              (17 damage)
             ... on level 6 of the Dungeon.
             The game lasted 00:07:43 (4473 turns).

vishdafish the Shield-Bearer (Formicid Fighter)     Turns: 4473, Time: 00:07:43

Health: -7/63      AC:  6    Str: 21    XL:     8   Next: 70%
Magic:  8/8        EV: 10    Int:  9    God:
Gold:   210        SH: 10    Dex: 11    Spells: 7/7 levels left

rFire    . . .     SeeInvis +   u - +0 battleaxe
rCold    . . .     Gourm    .   c - +0 shield
rNeg     . . .     Faith    .   i - +0 ring mail (curse)
rPois    .         Spirit   .   (helmet unavailable)
rElec    .         Reflect  .   (no cloak)
rCorr    .         Harm     .   (no gloves)
MR       .....                  (no boots)
Stlth    +.........             (no amulet)
Regen    0.2/turn               (no ring)
MPRegen  0.2/turn               (no ring)

@: no status effects
A: permanent stasis, dig shafts and tunnels, four strong arms, antennae 3
a: Dig, Shaft Self


You were on level 6 of the Dungeon.
You were not hungry.

You visited 2 branches of the dungeon, and saw 7 of its levels.
You also visited: Sewer.

You collected 210 gold pieces.

Inventory:

Hand Weapons
 a - a +0 war axe
 u - a +0 battleaxe (weapon)
Armour
 b - a +0 scale mail
 c - a +0 shield (worn)
 i - a cursed +0 ring mail (worn)
Scrolls
 e - 3 scrolls of recharging
 n - 2 scrolls of blinking {unknown}
 o - 3 scrolls of remove curse {unknown}
 r - a scroll of fog {unknown}
 s - a scroll of teleportation {unknown}
 t - a scroll of enchant armour {unknown}
 v - a scroll of fear {unknown}
Potions
 d - 3 potions of might
 g - 7 potions of heal wounds
 h - 2 potions of agility {unknown}
 j - a potion of berserk rage {unknown}
 l - 8 potions of curing
 m - 2 potions of lignification
 p - a potion of flight {unknown}
 q - a potion of brilliance {unknown}
Books
 k - a book of Minor Magic

   Spells                             Type                      Level
   a - Magic Dart                     Conjuration                  1
   b - Blink                          Translocation                2
   c - Call Imp                       Summoning                    2
   d - Slow                           Hexes                        2
   e - Conjure Flame                  Conjuration/Fire             3
   f - Mephitic Cloud                 Conjuration/Poison/Air       3


   Skills:
 + Level 5.6 Fighting
 * Level 6.2 Axes
 + Level 6.0 Armour
 - Level 1.0 Dodging
 + Level 6.3 Shields


You had 7 spell levels left.
You didn't know any spells.

Dungeon Overview and Level Annotations

Branches:
Dungeon (7/15)             Temple (1/1) D:6

Altars:
Cheibriados
Dithmenos
Elyvilon
Fedhas
Gozag
Hepliaklqana
Kikubaaqudgha
Nemelex Xobeh
Ru
Sif Muna
Trog
Uskayaw
Vehumet
Xom
Yredelemnul
Zin
The Shining One

Annotations:
D:4 Eustachio


Innate Abilities, Weirdness & Mutations

You cannot be hasted, slowed, berserked, paralysed or teleported.
You can dig through walls and to a lower floor.
Your four strong arms can wield two-handed weapons with a shield.
You have a pair of large antennae on your head. (SInv)


Message History

An orc warrior comes into view. It is wielding a mace.
The orc warrior shouts!
Things that are here:
an uncursed shortbow; 11 arrows You barely miss the orc warrior.
You block the orc warrior's attack.
You closely miss the orc warrior. The orc warrior hits you with a mace!
You slash the orc warrior!
The orc warrior is moderately wounded.
The orc warrior hits you with a mace!
* * * LOW HITPOINT WARNING * * *
You closely miss the orc warrior.
The orc warrior is moderately wounded.
You block the orc warrior's attack.
You hit the orc warrior.
The orc warrior is heavily wounded.
You block the orc warrior's attack. x2
You slash the orc warrior!
The orc warrior is severely wounded.
The orc warrior hits you with a mace!
You die...

#........# # ##....##### ..
#..##.# .# #.###.# ########.# #.#
#.# #........# ##.# #.#
#......<.# #..# #.####........#
#.## #....).[.....####### #.#
######....o@)..(.(.#### #.#
####.#.######..#.# #.# #[..#
##...###### #.# #..## ##..##....
#.# #..# #........ #.#### ##..#
##..#..... .....##### #..##
##...##.... #.##....(####>.####
###..#.##.(..
..######..........###...##.##....


You could see an orc warrior.

Vanquished Creatures
  An orc warrior (D:6)
  A sky beast (D:6)
  A black bear (D:6)
  An ogre (D:6)
  A centaur (D:6)
  5 big kobolds
  A crimson imp (D:3)
  3 hounds (D:6)
  An orc wizard (D:6)
  Jessica (D:2)
  3 gnolls (D:3)
  6 adders
  A shadow imp (D:6)
  5 oozes
  A dart slug (D:2)
  2 leopard geckos (D:2)
  5 orcs (D:6)
  11 bats
  6 giant cockroaches
  9 goblins
  8 hobgoblins
  6 jackals
  26 kobolds
  3 quokkas (D:3)
  4 ball pythons
  A ball python zombie (D:6)
  5 frilled lizards
  A leopard gecko zombie (D:2)
  10 rats
129 creatures vanquished.

Notes
Turn   | Place    | Note
-------+----------+-------------------------------------------
     0 | D:1      | vishdafish the Formicid Fighter began the quest for the Orb.
     0 | D:1      | Reached XP level 1. HP: 18/18 MP: 1/1
   281 | D:1      | Reached XP level 2. HP: 24/24 MP: 2/2
   730 | D:1      | Reached XP level 3. HP: 24/29 MP: 3/3
  1340 | D:2      | Reached XP level 4. HP: 30/37 MP: 4/4
  1365 | D:2      | Reached skill level 1 in Dodging
  1745 | D:2      | Noticed Jessica
  1751 | D:2      | Killed Jessica
  1751 | D:2      | Reached XP level 5. HP: 26/42 MP: 5/5
  1817 | D:2      | Found a bloodstained altar of Trog.
  2144 | D:3      | Noticed a big kobold
  2160 | D:3      | Killed a big kobold
  2160 | D:3      | Reached XP level 6. HP: 26/48 MP: 6/6
  2869 | D:4      | Noticed Eustachio
  2879 | D:4      | You fall through a shaft for 3 floors!
  3128 | D:6      | Found a glowing drain.
  3146 | D:6      | Reached skill level 5 in Shields
  3252 | Sewer    | Entered a sewer
  3287 | Sewer    | Reached XP level 7. HP: 39/55 MP: 7/7
  3417 | Sewer    | Reached skill level 5 in Armour
  3825 | D:6      | Reached skill level 5 in Fighting
  3825 | D:6      | Reached skill level 5 in Axes
  3826 | D:6      | Reached XP level 8. HP: 28/62 MP: 8/8
  4029 | D:6      | Found a staircase to the Ecumenical Temple.
  4065 | Temple   | Entered the Ecumenical Temple
  4473 | D:6      | Mangled by an orc warrior

Skill      XL: |  1  2  3  4  5  6  7  8 |
---------------+-------------------------+-----
Armour         | 4 5 6 |  6.0
Shields        | 4 5 6 |  6.3
Dodging        | 1 |  1.0
Axes           | 3 4 5 6 |  6.2
Fighting       | 4 5 |  5.6

Action                   |  1- 3 |  4- 6 |  7- 9 || total
-------------------------+-------+-------+-------++-------
Melee: War axe           |   135 |   199 |    93 ||   427
       Battleaxe         |       |       |    62 ||    62
 Abil: Shaft Self        |       |     1 |       ||     1
       Dig               |       |       |     2 ||     2
  Use: Scroll            |       |     4 |       ||     4
  Eat: Meat ration       |     1 |       |       ||     1
       Bread ration      |       |     1 |     1 ||     2
       Chunk             |       |       |     2 ||     2
Armor: Scale mail        |    10 |       |       ||    10
       Ring mail         |    25 |    77 |    68 ||   170
Dodge: Dodged            |    44 |    85 |    85 ||   214
Block: Shield            |    88 |   120 |   104 ||   312
